 Seeded DCSS version 0.31-a0-204-g7da18cac08 (webtiles) character file.

Game seed: 796492165999276889 (custom seed)

18 innerfire43 the Trooper (level 2, -1/24 HPs)
             Began as a Demonspawn Monk on June 27, 2023.
             Slain by an adder (4 damage)
             ... on level 2 of the Dungeon.
             The game lasted 00:00:55 (1348 turns).

innerfire43 the Trooper (Demonspawn Monk)           Turns: 1348, Time: 00:00:55

Health: -1/24      AC:  2    Str: 11    XL:     2   Next: 48%
Magic:  2/2        EV: 13    Int: 11    God:
Gold:   38         SH:  0    Dex: 15    Spells: 1/1 levels left

rFire   . . .        a - +0 hand axe
rCold   . . .        d - orb {light}
rNeg    . . .        b - +0 robe
rPois   .            (helmet restricted)
rElec   .            (no cloak)
rCorr   .            (no gloves)
SInv    .            (no boots)
Will    .....        (no amulet)
Stlth   +            (no ring)
HPRegen 0.24/turn    (no ring)
MPRegen 0.08/turn

%: no passive effects
@: glowing
A: antennae 1
a: no special abilities


You were on level 2 of the Dungeon.
You visited 1 branch of the dungeon, and saw 2 of its levels.

You collected 38 gold pieces.

Inventory:

Hand Weapons
 a - a +0 hand axe (weapon)
Armour
 b - a +0 robe (worn)
 d - an orb of light (worn)
Jewellery
 k - a ring of fire
Scrolls
 f - a scroll of enchant weapon {unknown}
 g - a scroll of teleportation {unknown}
 h - a scroll of torment {unknown}
 j - a scroll of enchant armour {unknown}
Potions
 c - a potion of ambrosia
 e - a potion of attraction {unknown}
 i - 2 potions of heal wounds {unknown}


   Skills:
 + Level 3.3 Fighting
 + Level 3.0 Axes
 + Level 3.0 Dodging


You had one spell level left.
You didn't know any spells.
Your spell library was empty.

Dungeon Overview and Level Annotations

Branches:
Dungeon (2/15)

Altars:


Innate Abilities, Weirdness & Mutations

You have a pair of small antennae on your head.


Message History

A hobgoblin comes into view.
The adder misses you.
You closely miss the adder. The adder bites you.
You are poisoned.
The adder poisons you! The adder bites you.
You hit the adder but do no damage. You hit the kobold.
You feel sick. The adder misses you. The kobold barely misses you.
You barely miss the kobold.
The kobold is moderately wounded.
You barely miss the adder.
You feel sick. The adder barely misses you.
The kobold hits you with a +0 short sword.
The adder completely misses you.
You hit the kobold.
The kobold is severely wounded.
You barely miss the adder.
You feel sick. The adder closely misses you. The kobold completely misses you.
You hit the kobold.
You kill the kobold!
You hit the hobgoblin. You hit the adder.
You feel sick. The adder barely misses you. The hobgoblin barely misses you.
The adder barely misses you.
You hit the adder but do no damage.
The adder is moderately wounded.
You hit the hobgoblin but do no damage.
You feel sick.
You are no longer poisoned.
The hobgoblin completely misses you. The adder misses you.
You closely miss the adder.
The adder is moderately wounded.
You hit the hobgoblin but do no damage. The adder barely misses you.
The hobgoblin hits you. The adder closely misses you. The hobgoblin hits you.
You are too injured to fight recklessly!
Unknown command.
The adder bites you.
* * * LOW HITPOINT WARNING * * *
The hobgoblin hits you.
* * * LOW HITPOINT WARNING * * *
You hit the adder.
The adder is heavily wounded.
You barely miss the hobgoblin. The adder bites you.
You die...

#..... .....####
##
.####.....$.#...
...... .......##
.#....##.....$..
........<.......
#####........##
.####...).#..#.#
......S@g.......
.###.............
#.##.#..#....#
... ...........
### .#...#......
....#.##.. ...# .
#... .


You could see an adder and a hobgoblin.

Vanquished Creatures
  An endoplasm (D:1)
  4 hobgoblins (D:1)
  2 kobolds
  A quokka (D:1)
  2 ball pythons (D:1)
  A bat (D:1)
  4 frilled lizards (D:1)
  3 rats (D:1)
18 creatures vanquished.

Notes
Turn   | Place    | Note
-------+----------+-------------------------------------------
     0 | D:1      | innerfire43 the Demonspawn Monk began the quest for the
                  | Orb.
     0 | D:1      | Reached XP level 1. HP: 18/18 MP: 1/1
   309 | D:1      | Gained mutation: You have a pair of small antennae on your
                  | head. [demonic ancestry]
   309 | D:1      | Reached XP level 2. HP: 24/24 MP: 2/2
  1348 | D:2      | Slain by an adder

Illustrated notes

Levels and vault maps discovered:
D:1:      erik_arrival_orb_chamber, layout_basic, serial_forest,
          infiniplex_forest_end_3, infiniplex_forest_clump_long,
          infiniplex_forest_clump_diagonal, infiniplex_forest_lined_3,
          infiniplex_forest_lined_room_3, infiniplex_forest_end_double,
          infiniplex_forest_clump_tiny, grunt_decor_mini_mirrors,
          wander_ebering_terrifying_dragon_lair
D:2:      layout_basic, shapermc_ecumenical_altar_petra, basic_altar

Skill      XL: |  1  2 |
---------------+-------+-----
Dodging        | 3 |  3.0
Axes           | 3 |  3.0
Fighting       | |  3.3

Action                     || total
---------------------------++-------
  Melee: Hand axe          ||    69
 Armour: Robe              ||    11
  Dodge: Dodged            ||    54

Table legend: (Time is in decaauts)
 A = Elapsed time spent in this place.
 B = Non-inter-level travel time spent in this place.
 C = Inter-level travel time spent in this place.
 D = Time resting spent in this place.
 E = Time spent auto-exploring this place.
 F = Levels seen in this place.
 G = Mean time per level.
                   A        B        C        D        E       F      G
               +--------+--------+--------+--------+--------+-----+--------+
         Total |   1358 |   1021 |    337 |      0 |    844 |   2 |  679.0 |
       Dungeon |   1358 |   1021 |    337 |      0 |    844 |   2 |  679.0 |
               +--------+--------+--------+--------+--------+-----+--------+

Top non-repeatable levels by time:
     D:1: 1347 daAuts
     D:2: 11 daAuts
